 Dungeon Crawl Stone Soup version 0.23-a0-470-g6f7cfd9 (webtiles) character file.

1824 Amnesiac the Nimble (level 8, -5/41 HPs)
             Began as a Deep Elf Wanderer on Nov 26, 2018.
             Was a Priest of Kikubaaqudgha.
             Killed by divine providence
             ... invoked by an orc priest
              (14 damage)
             ... on level 7 of the Dungeon.
             The game lasted 00:16:13 (5654 turns).

Amnesiac the Nimble (Deep Elf Wanderer)             Turns: 5654, Time: 00:16:14

Health: -5/41      AC:  4    Str: 10    XL:     8   Next: 86%
Magic:  4/19       EV: 20    Int: 25    God:    Kikubaaqudgha [***...]
Gold:   300        SH:  0    Dex: 12    Spells: 0/19 levels left

rFire    . . .     SeeInvis .   a - +0 spear (venom)
rCold    . . .     Gourm    .   (no shield)
rNeg     . . .     Faith    .   d - +0 robe
rPois    .         Spirit   .   (no helmet)
rElec    .         Reflect  .   (no cloak)
rCorr    .         Harm     .   o - +0 pair of gloves
MR       .....                  D - +0 pair of boots
Stlth    ++........             (no amulet)
HPRegen  0.13/turn              E - +4 ring of intelligence
MPRegen  0.16/turn              J - +4 ring of evasion

@: very slightly contaminated
A: no striking features
a: Receive Corpses, Renounce Religion


You were on level 7 of the Dungeon.
You worshipped Kikubaaqudgha.
Kikubaaqudgha was most pleased with you.
You were not hungry.

You visited 2 branches of the dungeon, and saw 8 of its levels.

You collected 300 gold pieces.

Inventory:

Hand Weapons
 a - a +0 spear of venom (weapon)
 b - the +2 spear "Ewkesm" {freeze, MP+9 Str+3}
   (You found it on level 7 of the Dungeon)

   It has been specially enchanted to freeze those struck by it, causing extra
   injury to most foes and up to half again as much damage against particularly
   susceptible opponents.
   It can also slow down cold-blooded creatures.
   It affects your strength (+3).
   It affects your magic capacity (+9).
 v - a +2 hunting sling of freezing
 y - a +0 blowgun
Missiles
 w - 113 stones (quivered)
 x - 96 sling bullets
 z - 26 poisoned needles
Armour
 c - the +7 chain mail "Ojueqoafa" {rElec MR+ Str-2 Stlth+}
   (You found it on level 4 of the Dungeon)

   It affects your strength (-2).
   It insulates you from electricity.
   It affects your resistance to hostile enchantments.
   It makes you more stealthy.
 d - a +0 robe (worn)
 o - a +0 pair of gloves (worn)
 A - a +0 shield
 D - a +0 pair of boots (worn)
Jewellery
 q - an uncursed ring of ice
 E - a +4 ring of intelligence (left hand)
 J - a +4 ring of evasion (right hand)
Wands
 k - a wand of iceblast (8)
 G - a wand of disintegration (16)
Scrolls
 g - 2 scrolls of noise {!r, unknown}
 j - 2 scrolls of magic mapping {!r, unknown}
 m - 5 scrolls of teleportation {!r, unknown}
 p - 2 scrolls of remove curse {!r, unknown}
 r - a scroll of fear {!r}
 B - a scroll of random uselessness {!r, unknown}
 F - a scroll of amnesia {!r, unknown}
 H - a scroll of immolation {!r, unknown}
 I - a scroll of fog {!r, unknown}
 L - a scroll of enchant armour {!r, unknown}
 M - 2 scrolls of identify {!r}
Potions
 e - 2 potions of resistance {!q}
 h - 2 potions of flight {!q, unknown}
 i - a potion of heal wounds {!q}
 l - a potion of lignification {!q}
 n - a potion of cancellation {!q}
 s - 3 potions of mutation {!q, unknown}
 t - a potion of degeneration {!q}
 u - a potion of curing {!q}
 K - 2 potions of might {!q, unknown}
 N - a potion of ambrosia {!q, unknown}
Comestibles
 f - 14 rations
 C - 9 chunks of flesh


   Skills:
 - Level 1.0 Throwing
 + Level 8.2 Dodging
 - Level 1.2 Stealth
 - Level 6.4 Spellcasting
 - Level 3.3 Conjurations
   Level 2.6 Hexes
 - Level 3.0 Charms
 - Level 3.1 Summonings
 - Level 7.8 Necromancy
 - Level 3.1 Translocations
   Level 1.1 Earth Magic


You couldn't memorise any spells.
You knew the following spells:

 Your Spells              Type           Power        Failure   Level  Hunger
a - Pain                  Necr           ####         1%          1    None
b - Call Imp              Summ           ###.....     3%          2    None
c - Sublimation of Blood  Necr           #####.....   1%          2    None
d - Vampiric Draining     Necr           #####.....   1%          3    None
e - Mephitic Cloud        Conj/Pois/Air  ##......     14%         3    None
r - Regeneration          Chrm/Necr      #####.....   2%          3    None
s - Conjure Flame         Conj/Fire      ###.....     11%         3    None
v - Blink                 Tloc           N/A          3%          2    None

Your spell library contained the following spells:

 Spells                   Type           Power        Failure   Level  Hunger
 Magic Dart               Conj           ###.         1%          1    None
 Corpse Rot               Necr           N/A          1%          2    None
 Flame Tongue             Conj/Fire      ###..        3%          1    None
 Slow                     Hex            ###.....     3%          2    None
 Sandblast                Erth           ##....       4%          1    None
 Throw Flame              Conj/Fire      ###...       5%          2    None
 Dispel Undead            Necr           #####...     8%          5    #####..
 Passwall                 Tmut/Erth      ##......     9%          2    None
 Stone Arrow              Conj/Erth      ###...       9%          3    None
 Inner Flame              Hex/Fire       ##......     12%         3    None
 Bolt of Draining         Conj/Necr      #####.....   21%         5    #####..
 Excruciating Wounds      Chrm/Necr      #####.....   22%         5    #####..
 Borgnjor's Vile Clutch   Necr/Erth      ####......   30%         5    #####..
 Sticky Flame             Conj/Fire      ###.....     34%         4    ###....
 Petrify                  Tmut/Erth      ##......     50%         4    ###....
 Fireball                 Conj/Fire      ###.......   69%         5    #####..
 Lee's Rapid Deconstruct  Erth           ##........   77%         5    #####..
 Simulacrum               Ice/Necr       ####......   91%         6    ######.


Dungeon Overview and Level Annotations

Branches:
Dungeon (7/15)             Temple (1/1) D:4

Altars:
Ashenzari
Dithmenos
Elyvilon
Fedhas
Gozag
Hepliaklqana
Kikubaaqudgha
Makhleb
Nemelex Xobeh
Okawaru
Qazlal
Ru
Sif Muna
Trog
Uskayaw
Vehumet
Wu Jian
Xom
Yredelemnul
Zin
The Shining One


Message History

Confirm with . or Enter, or press ? or * to list all spells.
Aiming: Mephitic Cloud (safe; 14% risk of failure)
Press: ? - help, Shift-Dir - straight line, f - hound
Aim: a hound That beam is likely to hit you.
Continue anyway?
The ball explodes into a vile cloud!
The stinking cloud engulfs the hound.
The stinking cloud engulfs the worker ant.
The stinking cloud engulfs you!
You are engulfed in noxious fumes.
You choke on the stench!
You are confused.
The hound is engulfed in noxious fumes.
The hound appears confused.
The hound bites itself.
The worker ant is engulfed in noxious fumes.
The worker ant appears confused.
The worker ant barely misses the orc.
The hound is engulfed in noxious fumes.
The hound appears confused.
The hound closely misses you.
The worker ant is engulfed in noxious fumes.
The worker ant appears confused.
You bump into the rock wall.
You are engulfed in noxious fumes.
You choke on the stench!
You are more confused.
Your skin is crawling a little less now.
The hound is engulfed in noxious fumes.
The hound appears confused.
The worker ant is engulfed in noxious fumes.
The worker ant barely misses the ogre.
The worker ant is engulfed in noxious fumes.
The worker ant appears confused.
The hound is engulfed in noxious fumes.
The hound appears confused.
You bump into the rock wall.
The worker ant is engulfed in noxious fumes.
The worker ant appears confused.
The hound is engulfed in noxious fumes.
The hound appears confused.
You bump into the rock wall.
You feel less confused.
You hit the hound.
The hound is poisoned.
The hound is heavily wounded.
The hound misses you.
Your skin stops crawling.
The hound barely misses you.
The worker ant bites the ogre but does no damage.
You hit the hound.
The hound is almost dead.
The hound closely misses you. The worker ant completely misses you.
You hit the hound.
You kill the hound!
Kikubaaqudgha accepts your kill. The ogre completely misses you.
The worker ant bites the ogre but does no damage.
The worker ant barely misses the orc warrior.
The worker ant closely misses the orc warrior.
Casting: Mephitic Cloud (safe; 14% risk of failure)
Confirm with . or Enter, or press ? or * to list all spells.
You miscast Call Imp.
You are very lightly contaminated with residual magic.
The world appears momentarily distorted.
The ogre hits you with a +0 giant spiked club!!
Ouch! That really hurt!
* * * LOW HITPOINT WARNING * * *
Kikubaaqudgha accepts your kill.
You feel a bit more experienced.
The orc priest mumbles some strange prayers to Beogh against you.
Beogh smites you!
You die...
Kikubaaqudgha rasps: "You have failed me!
Welcome... death!"

#################
##a.....oo.o...O.# #######
...#############@##########......
############................#####
#.....................#######
#.##########.###.####.#
#.##..................#
#.#...######.###.###..#
#.#..............# #..###########
#.#...#######.#### #.............
#.##.###.......# #.############


You could see an orc warrior, an ogre and an orc priest.

Vanquished Creatures
  2 hippogriffs (D:7)
  An ice beast (D:6)
  3 ogres
  2 centaurs
  A bullfrog (D:7)
  A scorpion (D:5)
  A killer bee (D:7)
  A howler monkey (D:4)
  A crimson imp (D:7)
  2 centaur skeletons
  3 hounds
  A jelly (D:5)
  An orc priest (D:3)
  A bullfrog skeleton (D:6)
  3 iguanas
  An orc wizard (D:3)
  7 worker ants
  A hound zombie (D:6)
  2 hound skeletons
  6 adders
  3 shadow imps
  3 oozes
  An adder skeleton (D:5)
  4 worms
  8 leopard geckos
  22 orcs
  5 ball pythons
  A giant cockroach (D:7)
  7 goblins
  5 hobgoblins
  8 jackals
  4 quokkas
  10 bats
  3 frilled lizards
  7 kobolds
  A leopard gecko skeleton (D:4)
  5 rats
138 creatures vanquished.

Vanquished Creatures (collateral kills)
  A shadow imp (D:5)
  2 orcs (D:3)
  A giant cockroach (D:3)
4 creatures vanquished.

Grand Total: 142 creatures vanquished

Notes
Turn   | Place    | Note
-------+----------+-------------------------------------------
     0 | D:1      | Amnesiac the Deep Elf Wanderer began the quest for the Orb.
     0 | D:1      | Amnesiac set off with the following items: a potion of
                  | curing {!q}, a +0 robe, a +0 dagger, a ration; and the
                  | following spells available to memorise: Slow, Pain, Magic
                  | Dart, Blink, Call Imp, Regeneration, Conjure Flame,
                  | Mephitic Cloud
     0 | D:1      | Reached XP level 1. HP: 10/10 MP: 9/9
     2 | D:1      | Learned a level 1 spell: Pain
   288 | D:2      | Reached XP level 2. HP: 9/15 MP: 7/11
   292 | D:2      | Learned a level 2 spell: Blink
   295 | D:2      | Learned a level 2 spell: Call Imp
   698 | D:2      | Reached XP level 3. HP: 6/19 MP: 6/12
   703 | D:2      | Learned a level 3 spell: Regeneration
   707 | D:2      | Learned a level 3 spell: Conjure Flame
   711 | D:2      | Learned a level 3 spell: Mephitic Cloud
  1175 | D:3      | Reached XP level 4. HP: 20/24 MP: 11/14
  1218 | D:4      | Found a staircase to the Ecumenical Temple.
  1231 | Temple   | Entered the Ecumenical Temple
  1267 | Temple   | Became a worshipper of Kikubaaqudgha
  1320 | D:3      | Reached skill level 5 in Necromancy
  1320 | D:3      | HP: 1/24 [giant cockroach (1)]
  2063 | D:2      | Reached XP level 5. HP: 22/28 MP: 15/15
  2319 | D:3      | Reached * piety under Kikubaaqudgha
  2319 | D:3      | Identified Kikubaaqudgha's Disquisition on Evil Rituals
                  | (Kikubaaqudgha gifted it to you on level 3 of the Dungeon)
  2319 | D:3      | Received a gift from Kikubaaqudgha
  2501 | D:3      | Reached skill level 1 in Summonings
  2501 | D:3      | Reached skill level 1 in Translocations
  3380 | D:4      | Found a sparkling altar of Nemelex Xobeh.
  3401 | D:4      | Got an emerald-encrusted chain mail
  3412 | D:4      | Found a basalt altar of Yredelemnul.
  3416 | D:4      | Noticed an ogre
  3439 | D:4      | Killed an ogre
  3439 | D:4      | Reached skill level 1 in Charms
  3439 | D:4      | Reached XP level 6. HP: 12/32 MP: 4/17
  3464 | D:4      | Identified the +7 chain mail "Ojueqoafa" {rElec MR+ Str-2
                  | Stlth+} (You found it on level 4 of the Dungeon)
  3532 | D:4      | Reached ** piety under Kikubaaqudgha
  3922 | D:4      | Found a sacrificial altar of Ru.
  3924 | D:4      | Found a shadowy altar of Dithmenos.
  3926 | D:4      | Found a deep blue altar of Sif Muna.
  3926 | D:4      | Found a shimmering altar of Xom.
  3926 | D:4      | Found a blossoming altar of Fedhas.
  3926 | D:4      | Found a burning altar of Makhleb.
  3927 | D:4      | Found a glowing silver altar of Zin.
  4064 | D:5      | Entered Level 5 of the Dungeon
  4248 | D:5      | Reached XP level 7. HP: 25/36 MP: 8/18
  4310 | D:5      | Found a hide-covered altar of Uskayaw.
  4440 | D:5      | You fall through a shaft!
  4502 | D:6      | Learned a level 2 spell: Sublimation of Blood
  4529 | D:6      | Reached skill level 1 in Conjurations
  4946 | D:7      | Reached skill level 1 in Dodging
  4984 | D:7      | Reached XP level 8. HP: 32/41 MP: 19/19
  5009 | D:7      | Reached skill level 2 in Dodging
  5022 | D:7      | Got an ancient spear
  5023 | D:7      | Identified the +2 spear "Ewkesm" {freeze, MP+9 Str+3} (You
                  | found it on level 7 of the Dungeon)
  5330 | D:7      | Reached skill level 3 in Dodging
  5349 | D:7      | Noticed a hippogriff
  5375 | D:7      | Reached skill level 4 in Dodging
  5387 | D:7      | Killed a hippogriff
  5387 | D:7      | Reached skill level 5 in Dodging
  5397 | D:7      | Reached *** piety under Kikubaaqudgha
  5397 | D:7      | Identified Kikubaaqudgha's Collected Works on Evil
                  | (Kikubaaqudgha gifted it to you on level 7 of the Dungeon)
  5397 | D:7      | Received a gift from Kikubaaqudgha
  5429 | D:7      | Learned a level 3 spell: Vampiric Draining
  5493 | D:7      | Reached skill level 6 in Dodging
  5516 | D:7      | Noticed a hippogriff
  5529 | D:7      | Killed a hippogriff
  5529 | D:7      | Reached skill level 7 in Dodging
  5576 | D:7      | Reached skill level 8 in Dodging
  5605 | D:7      | Noticed a troll
  5654 | D:7      | Killed from afar by an orc priest

Vault maps used:
D:1:      minmay_arrival_doors
D:2:      minmay_cut_off
D:3:      first_ration
D:4:      grunt_temple_overflow_open, nemelex_xobeh_ov_fountains_minmay,
          minmay_temple_entry_mini_moons, serial_bayou_pond_d
D:5:      basic_altar, serial_glass, glass_columns_c, glass_columns_b
D:6:      grunt_ministairs_15
D:7:      minmay_s_stair_smasher
Temple:   chequers_temple_sunken

Skill      XL: |  1  2  3  4  5  6  7  8 |
---------------+-------------------------+-----
Spellcasting   | 6 |  6.4
Necromancy     | 2 3 4 5 6 7 |  7.8
Summonings     | 1 2 3 |  3.1
Translocations | 1 2 3 |  3.1
Charms         | 1 2 3 |  3.0
Conjurations   | 3 |  3.3
Dodging        | 1 8 |  8.2
Throwing       | |  1.0
Stealth        | |  1.2
Hexes          | |  2.6
Earth Magic    | |  1.1

Action                   |  1- 3 |  4- 6 |  7- 9 || total
-------------------------+-------+-------+-------++-------
Melee: Dagger            |     1 |     1 |       ||     2
       Spear             |       |   205 |   199 ||   404
 Cast: Pain              |    58 |    36 |    10 ||   104
       Regeneration      |     3 |    22 |    10 ||    35
       Call Imp          |     1 |     6 |     3 ||    10
       Conjure Flame     |       |     1 |     8 ||     9
       Mephitic Cloud    |       |       |     9 ||     9
       Vampiric Draining |       |       |     4 ||     4
  Use: Scroll            |       |     4 |     2 ||     6
       Potion            |       |     3 |       ||     3
 Stab: Sleeping          |       |     4 |     1 ||     5
       Confused          |       |       |     1 ||     1
  Eat: Chunk             |     1 |    11 |     6 ||    18
Armor: Robe              |     2 |    38 |    29 ||    69
       Skin              |       |     7 |       ||     7
       Chain mail        |       |     2 |       ||     2
Dodge: Dodged            |     8 |   124 |   158 ||   290

Table legend:
 A = Non-vault XP
 B = Vault XP
 C = Vault XP percentage of total XP
 D = Non-vault monster count
 E = Vault monster count
 F = Vault count percentage of total count
                 A         B        C        D         E       F
            +---------+---------+-------+---------+---------+-------
      Total |    2171 |     435 |  16.7 |     123 |      19 |  13.4
            +---------+---------+-------+---------+---------+-------
        D:1 |      26 |       0 |   0.0 |      13 |       0 |   0.0
        D:2 |      51 |       9 |  15.0 |      15 |       4 |  21.1
        D:3 |     207 |       0 |   0.0 |      42 |       0 |   0.0
        D:4 |     330 |       0 |   0.0 |      17 |       0 |   0.0
        D:5 |     342 |       0 |   0.0 |      19 |       0 |   0.0
        D:6 |     377 |      33 |   8.0 |       6 |       2 |  25.0
        D:7 |     838 |     393 |  31.9 |      11 |      13 |  54.2
            +---------+---------+-------+---------+---------+-------
